Map: Disco Bloodbath LE

Players

Bly

  • Race: Zerg Zerg
  • Spawn Location: 9:00

Cham - Winner!

  • Race: Zerg Zerg
  • Spawn Location: 3:00

VOD

Have the link to the VOD?

Description

Time

  • Played on: Sept. 6, 2019, 5:21 p.m.
  • Length: 14:54
Show
View Real Time Build Order
Export as new Build Order

Bly Zerg 

Build Orders: Hatch First, Roach Nydus 

Get SALT Encoding   

  12  0:01  Drone  
  13  0:13  Overlord  
  13  0:19  Drone  
  14  0:33  Drone x2  
  16  0:49  Hatchery  
  15  0:52  Drone  
  15  0:55  Drone  
  17  0:59  Drone  
  18  1:10  Extractor  
  17  1:14  Spawning Pool  
  17  1:18  Drone  
  17  1:21  Drone  
  18  1:28  Drone  
  19  1:39  Drone  
  20  1:50  Overlord  
  20  2:01  Queen x2  
  20  2:02  Zergling x2  
  20  2:04  Drone  
  26  2:11  Drone  
  26  2:12  Drone  
  28  2:22  Drone x2  
  30  2:32  Overlord  
  30  2:34  Drone  
  30  2:36  Queen  
  31  2:39  Lair  
  34  2:44  Drone  
  34  2:45  Drone  
  34  2:49  Evolution Chamber  
  34  2:59  Roach Warren  
  34  3:00  Drone x2  
  35  3:06  Drone x2  
  35  3:10  Drone x3, Extractor  
  39  3:13  Drone  
  39  3:17  Zerg Missile Weapons Level 1  
  40  3:23  Overlord  
  40  3:28  Drone x2  
  40  3:29  Drone  
  42  3:38  Drone x2, Extractor  
  43  3:43  Glial Reconstitution  
  43  3:44  Evolution Chamber  
  43  3:47  Drone x4  
  46  3:49  Drone  
  47  3:56  Drone  
  47  3:57  Drone x2  
  47  4:00  Extractor  
  49  4:07  Overlord  
  51  4:17  Roach  
  51  4:18  Overlord x2  
  51  4:26  Roach x3  
  51  4:27  Roach  
  59  4:36  Roach x3  
  65  4:44  Drone  
  66  4:47  Drone x2  
  66  4:49  Roach x2  
  72  4:54  Hatchery  
  71  5:02  Roach x2  
  71  5:04  Overlord  
  71  5:06  Overlord  
  75  5:09  Nydus Network  
  75  5:12  Zerg Missile Weapons Level 2  
  74  5:16  Overlord  
  74  5:17  Overlord  
  74  5:25  Roach  
  74  5:26  Roach x3  
  82  5:31  Zerg Ground Armor Level 1  
  82  5:32  Ravager  
  80  5:44  Roach x4  
  88  5:52  Roach  
  88  5:53  Roach x3  
  96  5:58  Nydus Canal  
  96  6:08  Roach x6  
  96  6:10  Ravager  
  109  6:16  Nydus Canal  
  109  6:18  Overlord, Roach x2  
  113  6:24  Overlord  
  113  6:39  Roach x4  
  121  6:41  Overlord  
  121  6:45  Drone x4  
  125  6:51  Overlord  
  125  6:55  Overlord, Ravager x3  
  125  6:58  Nydus Canal  
  128  7:11  Roach x8  
  128  7:12  Overlord  
  144  7:18  Roach x2  
  148  7:34  Nydus Canal  
  148  7:36  Overlord, Roach x7  
  162  7:45  Overlord  
  162  7:53  Roach  
  162  7:56  Queen, Roach  
  162  7:57  Queen  
  150  7:59  Roach x4  
  134  8:06  Roach x3  
  113  8:16  Nydus Canal  
  113  8:18  Roach x5  
  113  8:37  Roach  
  104  8:44  Roach  
  104  8:47  Roach x3  
  104  8:52  Roach x4  
  104  8:53  Roach x5  
  110  9:02  Roach  
  98  9:04  Nydus Canal  
  98  9:09  Roach x6  
  106  9:14  Roach x2  
  110  9:19  Nydus Canal  
  106  9:49  Roach x11  
  106  9:50  Queen  
  106  9:51  Queen  
  130  9:59  Queen  
  113  10:10  Roach  
  113  10:17  Roach  
  113  10:18  Roach x2  
  107  10:24  Roach  
  107  10:25  Roach x3  
  107  10:26  Queen x2  
  107  10:27  Nydus Canal  
  113  10:34  Queen  
  115  10:40  Nydus Canal  
  115  10:46  Ravager x4  
  115  10:47  Roach x7  
  133  10:51  Roach  
  133  10:56  Nydus Canal  
  135  11:00  Overseer  
  135  11:09  Overlord, Roach x6  
  147  11:16  Nydus Canal  
  147  11:27  Overseer  
  147  11:29  Roach x7  
  161  11:38  Nydus Canal  
  161  11:40  Overseer  
  161  11:44  Overlord x4  
  161  11:51  Overlord  
  161  11:55  Overlord  
  161  11:57  Extractor  
  161  11:58  Overlord  
  161  11:59  Extractor  
  159  12:02  Overlord x2, Queen x2  
  163  12:14  Spire, Drone  
  163  12:15  Drone  
  164  12:18  Nydus Canal  
  166  12:37  Roach x8  
  166  12:40  Overseer  
  173  12:49  Drone x5  
  163  12:52  Nydus Canal  
  126  13:17  Nydus Canal  
  122  13:26  Mutalisk x6  
  114  13:35  Mutalisk  
  115  13:46  Mutalisk  
  62  14:26  Mutalisk  
  52  14:44  Nydus Canal  
Show
View Real Time Build Order
Export as new Build Order

Cham Zerg - Winner!

Build Orders: Hatch First 

Get SALT Encoding   

  12  0:00  Drone  
  13  0:08  Drone  
  14  0:16  Overlord  
  14  0:34  Drone  
  14  0:35  Drone  
  16  0:47  Hatchery  
  15  0:51  Drone  
  15  0:55  Drone  
  17  0:59  Drone  
  18  1:10  Extractor  
  17  1:14  Spawning Pool  
  17  1:17  Drone  
  17  1:20  Drone  
  18  1:28  Drone  
  19  1:54  Drone  
  19  1:55  Drone  
  19  1:59  Drone  
  19  2:00  Queen  
  19  2:01  Queen  
  26  2:02  Overlord  
  26  2:09  Metabolic Boost  
  26  2:12  Overlord  
  26  2:15  Drone  
  27  2:20  Drone  
  28  2:25  Drone  
  29  2:35  Hatchery  
  28  2:43  Drone  
  29  2:47  Overlord, Evolution Chamber  
  29  2:48  Drone  
  29  2:52  Zergling x2  
  29  2:55  Zergling x2  
  29  2:58  Drone  
  32  3:04  Drone  
  34  3:05  Drone  
  34  3:10  Drone x3  
  34  3:12  Drone  
  38  3:17  Drone x2  
  38  3:18  Drone  
  41  3:24  Zerg Ground Armor Level 1  
  41  3:27  Drone  
  41  3:32  Roach Warren  
  42  3:34  Zergling x2  
  42  3:37  Drone  
  42  3:38  Zergling x2  
  44  3:41  Zergling x4  
  44  3:45  Zergling x2  
  44  3:46  Drone x2  
  49  3:49  Drone  
  49  3:51  Extractor  
  49  3:53  Drone x2, Extractor  
  50  3:57  Drone  
  50  4:02  Lair  
  51  4:03  Drone  
  52  4:10  Overlord  
  52  4:12  Drone x2  
  54  4:17  Drone x5, Extractor  
  54  4:23  Overlord  
  58  4:25  Overlord  
  58  4:29  Queen  
  59  4:34  Queen  
  59  4:37  Overlord  
  61  4:43  Drone  
  61  4:44  Drone x2  
  61  4:45  Drone  
  64  4:48  Overlord  
  64  4:49  Roach  
  66  4:54  Overlord  
  66  4:58  Roach x2  
  66  4:59  Roach  
  71  5:03  Glial Reconstitution  
  71  5:06  Overlord  
  71  5:08  Overlord  
  71  5:09  Drone  
  71  5:13  Roach  
  71  5:14  Roach  
  76  5:15  Roach  
  76  5:20  Zerg Missile Weapons Level 1  
  78  5:23  Roach x2  
  78  5:24  Roach  
  78  5:26  Roach  
  85  5:29  Roach  
  85  5:34  Roach x2  
  91  5:35  Overlord  
  91  5:37  Roach  
  91  5:39  Roach  
  91  5:42  Roach x2  
  98  5:45  Roach  
  98  5:47  Roach  
  98  5:49  Roach  
  104  5:51  Roach  
  104  5:52  Roach  
  104  5:55  Roach  
  104  5:57  Roach  
  112  5:59  Roach  
  112  6:02  Roach  
  115  6:08  Drone  
  115  6:09  Spire  
  114  6:12  Drone  
  114  6:14  Roach x2  
  114  6:15  Roach  
  114  6:17  Roach  
  123  6:19  Roach  
  123  6:21  Roach  
  129  6:25  Roach  
  129  6:26  Zergling x2  
  129  6:27  Overlord  
  130  6:34  Overlord  
  130  6:36  Overlord, Extractor  
  130  6:39  Zergling x2  
  130  6:40  Overlord  
  130  6:43  Overlord  
  130  6:46  Roach  
  130  6:47  Roach x2  
  136  6:51  Overlord  
  136  6:52  Overlord  
  136  6:56  Roach x2  
  136  6:57  Roach  
  136  7:00  Roach  
  144  7:04  Roach x2  
  148  7:11  Overlord  
  148  7:16  Overlord  
  148  7:23  Mutalisk x5  
  148  7:27  Overlord  
  158  7:30  Drone x2  
  158  7:31  Extractor, Mutalisk  
  158  7:34  Drone  
  158  7:35  Drone  
  163  7:39  Mutalisk  
  163  7:42  Roach  
  163  7:43  Roach  
  169  7:45  Roach  
  169  7:49  Roach x2  
  173  7:52  Roach x2  
  173  7:54  Roach  
  173  7:57  Roach  
  171  7:58  Roach  
  171  8:01  Roach  
  171  8:03  Roach  
  148  8:05  Roach  
  148  8:07  Roach  
  148  8:10  Roach  
  148  8:11  Roach  
  133  8:13  Roach  
  133  8:17  Roach  
  133  8:18  Roach  
  133  8:19  Roach  
  139  8:23  Drone x3  
  139  8:25  Drone  
  143  8:33  Roach x3  
  149  8:35  Roach  
  149  8:39  Roach  
  149  8:41  Roach  
  139  8:44  Roach x2  
  131  8:48  Roach  
  131  8:50  Roach  
  131  8:52  Roach  
  112  8:57  Roach x2  
  112  8:59  Roach  
  112  9:01  Roach  
  107  9:07  Roach x2  
  103  9:13  Mutalisk  
  103  9:15  Mutalisk  
  107  9:19  Zerg Missile Weapons Level 2  
  107  9:22  Roach  
  109  9:25  Ravager  
  109  9:26  Ravager  
  109  9:27  Roach  
  109  9:30  Roach  
  115  9:33  Roach  
  115  9:39  Roach  
  115  9:43  Roach x2  
  117  9:49  Roach x2  
  117  9:51  Roach  
  117  9:53  Roach  
  117  9:56  Roach  
  121  10:06  Roach x2  
  117  10:11  Roach x3  
  121  10:19  Drone  
  121  10:20  Drone x4  
  119  10:22  Roach  
  122  10:28  Drone x3  
  124  10:40  Drone x3  
  129  10:43  Roach  
  129  10:45  Roach  
  129  10:47  Roach  
  133  10:50  Roach  
  133  10:53  Roach  
  141  10:58  Roach  
  141  11:04  Roach x4  
  145  11:09  Roach x2  
  151  11:11  Roach  
  151  11:15  Roach  
  155  11:21  Ravager  
  155  11:22  Ravager, Roach  
  155  11:23  Roach x3  
  165  11:29  Roach x2  
  169  11:35  Roach x2  
  169  11:37  Overlord  
  170  11:40  Ravager  
  170  11:41  Ravager  
  170  11:42  Ravager  
  170  11:43  Roach x4  
  180  11:53  Roach x3  
  186  11:54  Overlord  
  186  11:57  Overlord x2  
  186  12:02  Zerg Ground Armor Level 2  
  186  12:06  Ravager  
  183  12:08  Roach x2  
  183  12:13  Overlord  
  183  12:14  Roach x2  
  191  12:18  Roach x2  
  191  12:22  Roach  
  197  12:28  Roach  
  197  12:29  Overlord x2  
  199  12:37  Overlord  
  195  12:58  Roach x2  
  199  13:04  Overlord  
  182  13:42  Mutalisk x12  
  195  13:51  Spine Crawler  
  195  13:52  Mutalisk  
  195  13:54  Spine Crawler  
  186  13:56  Zergling x8  
  156  14:14  Hatchery  
  149  14:19  Extractor  
  148  14:25  Mutalisk  
  146  14:35  Drone  
  146  14:36  Drone x3  
Tags
 
Add a new tag
Caveats
  • Supply blocks, unpowered buildings, or Contaminate may cause inaccurate times.
  • Supply counts are checked every 10 seconds.